Map: Ulrena

Players

capac - Winner!

  • Race: Terran Terran
  • League: Gold

BatiaAlkash

  • Race: Terran Terran
  • League: Gold

VOD

Have the link to the VOD?

Description

Time

  • Played on: April 2, 2016, 7:57 a.m.
  • Length: 25:09
Show
View Real Time Build Order
Export as new Build Order

capac Terran - Winner!

Build Orders: MMM Bio 

Get SALT Encoding   

  12  0:00  SCV  
  13  0:12  SCV  
  14  0:18  Supply Depot  
  14  0:25  SCV  
  15  0:40  SCV  
  15  0:41  Barracks  
  16  0:46  Refinery  
  16  0:52  SCV  
  17  1:04  SCV  
  18  1:16  SCV  
  19  1:28  SCV  
  20  1:36  Reaper  
  21  1:46  Command Center  
  22  1:49  Orbital Command  
  21  2:11  Factory  
  21  2:14  Marine  
  21  2:23  SCV  
  22  2:33  Barracks  
  22  2:34  Barracks Reactor  
  22  2:42  Refinery  
  22  2:45  Supply Depot  
  22  2:46  Engineering Bay  
  22  2:55  Factory Tech Lab  
  22  2:58  SCV  
  23  3:01  Orbital Command  
  23  3:11  Marine x2  
  25  3:22  Missile Turret  
  25  3:23  Barracks Tech Lab  
  25  3:27  Starport  
  25  3:33  SCV x2  
  27  3:41  Siege Tank  
  27  3:46  SCV  
  31  3:48  SCV  
  31  3:52  Marine  
  33  3:58  SCV  
  34  4:03  Marine  
  34  4:04  Marine  
  34  4:05  SCV  
  39  4:10  Starport Reactor, SCV  
  38  4:17  Siege Tank  
  41  4:24  Marine  
  41  4:25  Marine x2  
  41  4:27  SCV x2  
  46  4:39  Bunker  
  31  5:02  Marine x3  
  32  5:09  Missile Turret  
  32  5:11  SCV x2  
  34  5:14  Medivac x2  
  34  5:20  Marine x3  
  41  5:23  SCV x2  
  44  5:35  SCV x2  
  44  5:37  Supply Depot  
  44  5:38  Missile Turret  
  45  5:44  Supply Depot  
  45  5:49  Marine  
  46  5:54  Stimpack  
  46  5:58  Marine x2, SCV  
  49  6:05  Supply Depot  
  49  6:15  Siege Tank  
  52  6:21  SCV x2  
  54  6:27  Viking  
  54  6:30  Refinery  
  56  6:35  SCV x2  
  58  6:43  Refinery, Marine x3  
  61  6:50  SCV  
  61  6:51  SCV  
  63  7:04  SCV x2  
  63  7:07  Viking x2  
  69  7:09  Missile Turret  
  69  7:11  Supply Depot  
  69  7:18  Supply Depot, SCV  
  70  7:33  SCV, Missile Turret, Siege Tank  
  70  7:34  SCV  
  75  7:41  Command Center  
  75  7:45  SCV  
  75  7:47  SCV  
  77  7:52  Supply Depot  
  77  7:54  Marine x3  
  77  7:57  SCV  
  81  7:59  Viking x2  
  81  8:00  SCV  
  84  8:13  Starport  
  84  8:17  SCV x2  
  84  8:18  Supply Depot  
  86  8:22  Marine x3  
  89  8:43  SCV x2  
  89  8:45  Viking x2  
  95  8:50  Starport Reactor  
  95  8:51  Supply Depot  
  95  8:53  Supply Depot  
  94  9:18  Missile Turret  
  97  9:24  Siege Tank  
  97  9:26  Viking x2  
  97  9:28  Medivac x2  
  97  9:31  Marine x3  
  105  9:36  Barracks, Combat Shields  
  108  9:45  Missile Turret  
  108  9:46  Supply Depot  
  108  9:48  Supply Depot  
  108  9:52  Marine  
  108  9:53  Marine x2  
  108  9:54  Factory  
  108  9:56  Siege Tank  
  114  10:11  Marine x3  
  119  10:28  Marine, Siege Tank  
  119  10:29  Marine  
  119  10:34  Medivac x2  
  125  10:35  Viking  
  125  10:36  Viking  
  125  10:37  Supply Depot  
  125  10:38  Supply Depot  
  125  10:39  Marine  
  125  10:41  Factory Tech Lab, Barracks Reactor  
  130  10:46  Marine x2  
  132  10:51  Barracks  
  132  11:18  Marine x5  
  137  11:35  Marine  
  137  11:36  Marine x4  
  139  11:53  Marine  
  139  12:14  Siege Tank x2  
  133  12:37  Viking  
  133  12:38  Viking x3  
  141  13:04  Siege Tank x2  
  147  13:05  Marine x2  
  147  13:06  Marine x3  
  147  13:09  Barracks Reactor  
  145  13:24  Viking x3  
  145  13:25  Viking  
  153  13:36  Siege Tank  
  151  13:57  Viking x4  
  151  13:59  Marine x3  
  151  14:00  Marine x3  
  165  14:09  Marine  
  160  14:17  Marine  
  160  14:21  Marine x3  
  160  14:22  Marine  
  165  14:35  Supply Depot  
  165  14:37  Supply Depot  
  165  14:41  Liberator x3  
  165  14:42  Liberator  
  165  14:44  Marine x2  
  165  14:46  Marine  
  164  14:59  Starport  
  176  15:31  Command Center  
  176  15:45  Siege Tank  
  176  15:46  Siege Tank  
  179  15:52  Liberator  
  179  15:59  Orbital Command  
  179  16:01  Liberator  
  180  16:14  Liberator x2  
  180  16:24  Refinery  
  181  16:26  Refinery  
  181  16:39  Starport Reactor  
  181  16:43  Siege Tank x2  
  181  16:44  Orbital Command  
  187  16:52  Viking  
  186  17:01  Viking  
  185  17:14  Viking x2  
  181  17:29  Viking x3  
  187  17:30  Siege Tank  
  190  17:40  Refinery x2  
  190  17:43  SCV x2  
  183  18:24  Liberator x4  
  180  18:42  Viking  
  177  19:09  Liberator x2  
  174  19:10  Liberator x2  
  174  20:15  Viking x2  
  174  20:16  Viking x4  
  186  20:30  Command Center  
  171  21:02  Liberator x3  
  129  21:11  Marine x2  
  129  21:12  Marine x5  
  134  21:29  Marine x3  
  134  21:30  Marine x3  
  140  21:41  Medivac x3  
  140  21:44  Marine  
  147  21:47  Marine x4  
  147  21:48  Marine  
  147  21:52  Armory  
  143  22:08  Liberator x2  
  140  23:22  Marine  
  140  23:23  Marine x6  
  140  23:24  Widow Mine  
  140  23:25  Widow Mine  
  151  23:40  Marine x2  
  153  23:49  Marine x4  
  153  23:53  Widow Mine  
  153  23:54  Siege Tank  
  162  24:10  Marine x5  
  162  24:11  Marine x2  
  169  24:22  Siege Tank  
  172  24:26  Siege Tank  
Show
View Real Time Build Order
Export as new Build Order

BatiaAlkash Terran 

Build Orders: 1/1/1, Mech 

Get SALT Encoding   

  12  0:03  SCV  
  13  0:18  Supply Depot, SCV  
  14  0:27  Refinery  
  14  0:30  SCV  
  15  0:43  Barracks  
  15  0:47  SCV  
  16  0:59  SCV  
  17  1:05  Supply Depot  
  17  1:13  SCV  
  18  1:25  SCV  
  19  1:36  Marine  
  19  1:39  Factory  
  20  1:51  SCV  
  21  1:55  Refinery  
  21  2:08  Marine  
  21  2:12  SCV  
  23  2:24  SCV  
  23  2:27  Starport  
  23  2:29  Factory Tech Lab  
  24  2:31  Marine  
  25  2:40  SCV  
  26  2:47  Armory  
  26  2:51  Widow Mine  
  26  2:52  SCV  
  28  2:59  Marine  
  28  3:05  SCV  
  30  3:12  Supply Depot  
  30  3:34  Medivac  
  32  3:36  Supply Depot  
  32  3:37  Thor  
  38  3:44  Orbital Command  
  38  4:07  Factory  
  38  4:24  Siege Tank  
  41  4:36  Command Center  
  41  4:58  SCV  
  42  5:00  Siege Tank, Factory Reactor  
  39  5:08  Viking  
  41  5:20  Engineering Bay  
  41  5:32  Supply Depot  
  41  5:37  Widow Mine x2  
  41  5:42  Barracks Reactor  
  45  5:45  Terran Vehicle Weapons Level 1  
  45  6:02  Missile Turret  
  45  6:07  Siege Tank  
  48  6:12  Orbital Command  
  48  6:24  Missile Turret  
  48  6:28  Hellion, Hellbat  
  52  6:39  Factory  
  52  6:45  Missile Turret  
  52  6:49  SCV x2  
  54  6:54  Bunker  
  54  7:01  SCV x2  
  56  7:02  Viking x2  
  60  7:13  SCV x2  
  62  7:24  Barracks Tech Lab  
  62  7:25  SCV x2  
  64  7:34  Armory  
  64  7:39  Hellbat x2  
  66  7:50  SCV x2  
  68  7:59  Siege Tank  
  67  8:06  Viking  
  69  8:13  Supply Depot  
  69  8:15  Supply Depot  
  69  8:18  Viking, SCV x2  
  73  8:23  Refinery  
  73  8:25  Hellion x2  
  73  8:45  Missile Turret  
  73  8:48  Infernal Pre-Igniter  
  73  8:49  SCV  
  73  8:50  SCV  
  75  8:56  Refinery  
  75  9:02  SCV x2  
  77  9:04  Terran Vehicle And Ship Armor Level 1  
  77  9:06  Missile Turret  
  77  9:23  Viking x2  
  81  9:27  SCV x2  
  81  9:30  Terran Vehicle Weapons Level 2  
  83  9:35  Hellion  
  83  9:37  Hellion  
  87  9:48  Command Center  
  87  9:49  Hi-Sec Auto Tracking  
  87  9:56  Viking  
  87  9:57  Viking  
  91  10:01  SCV x2  
  93  10:38  SCV  
  94  10:44  Supply Depot  
  94  10:50  Supply Depot  
  94  10:59  Viking x2, Supply Depot, Siege Tank, SCV  
  102  11:06  Hellion x2  
  102  11:12  Thor  
  102  11:17  Terran Vehicle And Ship Armor Level 2  
  108  11:21  Hellbat  
  96  12:55  Missile Turret  
  96  12:56  Siege Tank  
  99  13:03  Viking x2  
  103  13:27  Terran Vehicle Weapons Level 3  
  103  13:31  Supply Depot  
  101  14:17  Viking x2  
  101  14:23  Terran Vehicle And Ship Armor Level 3  
  105  14:37  Command Center  
  100  14:52  Viking x2  
  99  15:22  Viking x2  
  103  15:41  Thor  
  109  15:52  Viking x2, Siege Tank  
  116  15:58  Missile Turret  
  116  16:04  Terran Ship Weapons Level 1  
  114  16:22  Viking x2  
  103  17:22  Viking x2  
  103  17:52  Viking x2  
  107  17:58  Terran Ship Weapons Level 2  
  105  18:29  Planetary Fortress  
  105  18:32  Viking x2  
  91  19:22  SCV  
  92  19:29  Viking  
  94  19:50  Viking  
  95  20:10  Starport  
  95  20:36  Viking x2  
  56  22:11  Starport Reactor  
  59  22:15  Siege Tank x2  
  59  22:19  Viking x2  
Tags
 
Composition
MMM BioMech
League
GoldGold
Matchup
TvT
Opening
1/1/1
Race
Terran
Add a new tag
Caveats
  • Supply blocks, unpowered buildings, or Contaminate may cause inaccurate times.
  • Supply counts are checked every 10 seconds.